 Dungeon Crawl Stone Soup version 0.30-a0-394-g3e4acdb0ae (webtiles) character file.

Game seed: 8229315834621157573

5 CrazyBamboolord the Grave Robber (level 1, -3/10 HPs)
             Began as a Kobold Necromancer on Dec 6, 2022.
             Slain by a hobgoblin (4 damage)
             ... on level 1 of the Dungeon.
             The game lasted 00:00:53 (174 turns).

CrazyBamboolord the Grave Robber (KoNe)              Turns: 174, Time: 00:00:53

Health: -3/10      AC:  2    Str:  5    XL:     1   Next: 88%
Magic:  1/3        EV: 15    Int: 16    God:
Gold:   23         SH:  0    Dex: 15    Spells: 3/4 levels left

rFire   . . .      SeeInvis .    (weapon restricted)
rCold   . . .      Faith    .    (no shield)
rNeg    . . .      Spirit   .    a - +0 robe
rPois   .          Reflect  .    (no helmet)
rElec   .          Harm     .    (no cloak)
rCorr   .          Rampage  .    (no gloves)
Will    .....                    (no boots)
Stlth   +++.......               (no amulet)
HPRegen 0.21/turn                (no ring)
MPRegen 0.08/turn                (no ring)

@: no status effects
A: small, no large weapons, nightstalker 3
a: no special abilities


You were on level 1 of the Dungeon.
You visited 1 branch of the dungeon, and saw 1 of its levels.

You collected 23 gold pieces.

Inventory:

Armour
 a - a +0 robe (worn)
Scrolls
 c - a scroll of fear {unknown}


   Skills:
 * Level 2.4 Dodging
 * Level 2.9 Stealth
 * Level 2.2 Spellcasting
 * Level 4.1 Necromancy


You had 3 spell levels left.
You knew the following spells:

 Your Spells              Type           Power      Damage    Failure   Level
a - Necrotise             Necr           60%        1d7       3%          1

Your spell library contained the following spells:

 Spells                   Type           Power      Damage    Failure   Level
 Vampiric Draining        Necr           15%        2d7       11%         3
 Animate Dead             Necr           15%        N/A       34%         4
 Agony                    Necr           15%        N/A       69%         5
 Summon Forest            Summ/Tloc      0%         N/A       99%         5
 Summon Mana Viper        Hex/Summ       1%         N/A       99%         5
 Summon Cactus Giant      Summ           0%         N/A       100%        6


Dungeon Overview and Level Annotations

Branches:
Dungeon (1/15)

Altars:


Innate Abilities, Weirdness & Mutations

You are small and have problems with some larger weapons.
You are completely attuned to the shadows.


Message History

The hobgoblin is severely wounded.
The jackal closely misses you. The hobgoblin barely misses you.
Unknown command.
You hit the hobgoblin but do no damage.
The hobgoblin is heavily wounded.
The jackal misses you. The hobgoblin completely misses you.
Unknown command.
You hit the hobgoblin but do no damage.
The hobgoblin is heavily wounded.
The jackal barely misses you. x2; The hobgoblin barely misses you.
You hit the hobgoblin but do no damage.
The hobgoblin is heavily wounded.
The jackal misses you. The hobgoblin misses you.
Unknown command.
You closely miss the hobgoblin.
The hobgoblin is heavily wounded.
The jackal misses you. The jackal bites you. The hobgoblin hits you.
* * * LOW HITPOINT WARNING * * *
Unknown command.
You closely miss the hobgoblin.
The hobgoblin is heavily wounded.
The jackal bites you.
* * * LOW HITPOINT WARNING * * *
The hobgoblin barely misses you. Magic courses through your body.
The jackal closely misses you. The hobgoblin barely misses you.
A rat comes into view.
Aiming: Necrotise (safe; 3% risk of failure)
Press: ? - help, Q - select action Shift-Dir - straight line, f/p - hobgoblin
Aim: a hobgoblin (heavily wounded, chance to affect: 85%)
The hobgoblin barely resists.
The jackal bites you.
* * * LOW HITPOINT WARNING * * *
The jackal misses you. The hobgoblin misses you.
Aiming: Necrotise (safe; 3% risk of failure)
Press: ? - help, Q - select action Shift-Dir - straight line, f/p - hobgoblin
Aim: a hobgoblin (heavily wounded, chance to affect: 85%)
The hobgoblin writhes in agony.
The jackal closely misses you. The hobgoblin hits you.
You die...

#.............#
#.............#
##...........##
##.(.......##
##.......##
##.....'#
##...###
+#.#####
#.#@gS# ..
#.#h#.#...
..#..gr.#.g.
.............
##...........
....###.##...
.... #.# ... ##
... .. ...


You could see a jackal, 2 hobgoblins, a ball python and a rat.

Vanquished Creatures
  A hobgoblin (D:1)
  A jackal (D:1)
  A quokka (D:1)
  A bat (D:1)
  A rat (D:1)
5 creatures vanquished.

Notes
Turn   | Place    | Note
-------+----------+-------------------------------------------
     0 | D:1      | CrazyBamboolord the Kobold Necromancer began the quest for
                  | the Orb.
     0 | D:1      | Reached XP level 1. HP: 10/10 MP: 3/3
   174 | D:1      | Slain by a hobgoblin

Illustrated notes

Levels and vault maps discovered:
D:1:      lemuel_arrival_rhombus, layout_rooms

Action                   || total
-------------------------++-------
Melee: Unarmed           ||     8
 Cast: Necrotise         ||    13
  Use: Potion            ||     1
Dodge: Dodged            ||    27

Table legend: (Time is in decaauts)
 A = Elapsed time spent in this place.
 B = Non-inter-level travel time spent in this place.
 C = Inter-level travel time spent in this place.
 D = Time resting spent in this place.
 E = Time spent auto-exploring this place.
 F = Levels seen in this place.
 G = Mean time per level.
                   A        B        C        D        E       F      G
               +--------+--------+--------+--------+--------+-----+--------+
         Total |    174 |    174 |      0 |      0 |    127 |   1 |  174.0 |
       Dungeon |    174 |    174 |      0 |      0 |    127 |   1 |  174.0 |
               +--------+--------+--------+--------+--------+-----+--------+

Top non-repeatable levels by time:
     D:1: 174 daAuts
